 Dungeon Sprint DCSS version 0.21-a0-104-g7b58145 (webtiles) character file.

7939 Kidiri the Unseen (level 11, -25/57 (58) HPs)
             Began as a Spriggan Enchanter on July 6, 2017.
             Was an Elder of Dithmenos.
             Killed from afar by a hellephant (53 damage)
             ... with a blast of flame
             ... in the Dungeon (Sprint II: "The Violet Keep of Menkaure").
             The game lasted 00:14:28 (1743 turns).

Kidiri the Unseen (Spriggan Enchanter)              Turns: 1743, Time: 00:14:29

HP:   -25/57 (58)   AC:  5    Str:  4    XL:     11   Next: 3%
MP:   0/29          EV: 34    Int: 18    God:    Dithmenos [****..]
Gold: 705           SH:  0    Dex: 23    Spells: 24/36 levels left

rFire    . . .     SeeInvis +   f - +1 rapier
rCold    + . .     Gourm    .   (shield restricted)
rNeg     . . .     Faith    .   b - +0 robe
rPois    .         Spirit   +   (helmet restricted)
rElec    .         Reflect  .   x - scarf {Spirit}
rCorr    .         Harm     .   (gloves unavailable)
MR       ++...     NoTele   +   (boots unavailable)
Stlth    +++++++++.             m - amulet of regeneration
HPRegen  0.59/turn              l - +4 ring of dexterity
MPRegen  0.21/turn              n - +3 ring of protection

@: wreathed by umbra, very quick
A: unfitting armour, talons 1, see invisible, cold resistance 1, herbivore 3,
speed 3, magic resistance 1, slow metabolism 2
a: Shadow Step, Renounce Religion


You were in the Dungeon.
You worshipped Dithmenos.
Dithmenos was greatly pleased with you.
You were not hungry.

You visited 1 branch You collected 1631 gold pieces.
You spent 926 gold pieces at shops.

Inventory:

Hand Weapons
 f - a +1 rapier (weapon)
Missiles
 i - a throwing net (quivered)
Armour
 b - a +0 robe (worn)
 x - a scarf of spirit shield (worn)
Jewellery
 l - a +4 ring of dexterity (left hand)
 m - an amulet of regeneration (around neck)
 n - a +3 ring of protection (right hand)
 w - an uncursed amulet of harm
 y - an uncursed ring of protection from magic
Scrolls
 j - a scroll of blinking
 o - a scroll of fear {unknown}
 r - 2 scrolls of remove curse {unknown}
 s - 2 scrolls of amnesia {unknown}
 u - a scroll of immolation {unknown}
 z - 2 scrolls of enchant armour {unknown}
 B - a scroll of recharging {unknown}
Potions
 a - a potion of might {unknown}
 e - 2 potions of curing
 g - 3 potions of haste
 h - 3 potions of magic
 t - a potion of lignification
 v - 2 potions of agility
 A - 2 potions of flight
 C - 3 potions of resistance
 D - a potion of heal wounds
 E - a potion of invisibility
Books
 c - a book of Maledictions

   Spells                             Type                      Level
   a - Corona                         Hexes                        1
   b - Ensorcelled Hibernation        Hexes/Ice                    2
   c - Confuse                        Hexes                        3
   d - Tukima's Dance                 Hexes                        3
   e - Dazzling Spray                 Conjuration/Hexes            3
Comestibles
 d - a bread ration
 q - 2 royal jellies


   Skills:
 + Level 6.6 Fighting
 * Level 12.2 Short Blades
 + Level 6.1 Armour
 * Level 15.5 Dodging
 * Level 16.9 Stealth
 * Level 13.4 Spellcasting
 + Level 10.3 Hexes
 + Level 5.6 Invocations


You had 24 spell levels left.
You knew the following spells:

 Your Spells              Type           Power        Failure   Level  Hunger
a - Corona                Hex            #####..      1%          1    None
b - Ensorcelled Hibernat  Hex/Ice        ####..       1%          2    None
c - Confuse               Hex            #####...     1%          3    None
d - Tukima's Dance        Hex            #####...     1%          3    None
e - Dazzling Spray        Conj/Hex       ####..       1%          3    None


Dungeon Overview and Level Annotations

Branches:
Dungeon (1/1)

Altars:
Cheibriados
Dithmenos
Elyvilon
Fedhas
Gozag
Hepliaklqana
Kikubaaqudgha
Makhleb
Nemelex Xobeh
Okawaru
Qazlal
Ru
Sif Muna
Trog
Uskayaw
Vehumet
Wu Jian
Xom
Yredelemnul
Zin
The Shining One
Beogh
Jiyva
Lugonu

Shops:
D ::%[(?[[!%=!!}=?

Annotations:
D exclusion: oklob plant


Innate Abilities, Weirdness & Mutations

You are very small and have problems with some larger weapons.
You are too small for most types of armour.
You have supernaturally acute eyesight. (SInv)
You are a herbivore.
You cover ground extremely quickly.
You need consume almost no food.
You have sharp toenails.
Your flesh is cold resistant. (rC+)
You are resistant to hostile enchantments. (MR+)


Message History

The glowing orange brain is heavily wounded.
The glowing orange brain is dazzled.
The spray of energy hits the hellephant.
The hellephant is lightly wounded.
The spray of energy hits the purple draconian shifter.
The purple draconian shifter is lightly wounded.
The purple draconian shifter hits you with a rapier of speed!
The hellephant completely misses you. x2
The hellephant gores you but does no damage.
You hit the glowing orange brain but do no damage.
You claw the glowing orange brain.
The glowing orange brain is heavily wounded.
The purple draconian shifter completely misses you.
Unknown command.
You completely miss the glowing orange brain.
The glowing orange brain is heavily wounded.
The hellephant breathes flames at you. The blast of flame hits you!
Ouch! That really hurt!
You die...

+...▓0..▓
#§§.▓▓▓▓▓▓▓▓▓▓
#.§§▓≈≈§§§≈≈≈▓▓
##§[▓▓▓▓▓▓▓▓▓▓▓▓+▓▓
.#))▓.......)▓▓$..▓
.#)§▓(.%().([▓▓.⌠.▓
.#)[▓..[[..[.▓▓...▓
####▓.%)..[(.▓▓YGq▓
##.#▓..[[.[[[▓▓.@.▓
#..#▓(.......▓▓..$▓
#).#▓).).(..[▓▓.⌠.▓
##.#▓.)..[((.▓▓...▓
.(##▓▓▓▓▓▓▓+▓▓▓▓'▓▓
≈≈≈≈≈≈≈≈≈≈≈...≈≈≈▓
+########+###.≈≈≈▓
.._.....#≈≈≈##≈≈≈▓
._._....#§§§≈####▓▓


You could see a hellephant, a purple draconian shifter and a glowing orange
brain (blind).

Vanquished Creatures
  A kraken (D)
  A great orb of eyes (D)
  Sonja (D)
  2 deep trolls (D)
  A death drake (D)
  A merfolk siren (D)
  A yaktaur (D)
  A hornet (D)
  5 polar bears (D)
  2 tyrant leeches (D)
  A blink frog (D)
  Menkaure (D)
  A swamp drake (D)
  4 necrophages (D)
  3 black bears (D)
  3 crocodiles (D)
  4 worker ants (D)
33 creatures vanquished.

Vanquished Creatures (others)
  A crocodile (D)
1 creature vanquished.

Grand Total: 34 creatures vanquished

Notes
Turn   | Place    | Note
-------+----------+-------------------------------------------
     0 | D        | Kidiri the Spriggan Enchanter began the quest for the Orb.
     0 | D        | Reached XP level 1. HP: 9/9 MP: 5/5
     1 | D        | Noticed a worker ant
     1 | D        | Noticed a worker ant
     5 | D        | Noticed a merfolk siren
     9 | D        | Noticed a tyrant leech
     9 | D        | Noticed a tyrant leech
    13 | D        | Noticed a necrophage
    13 | D        | Noticed a necrophage
    13 | D        | Noticed a necrophage
    13 | D        | Noticed a necrophage
    20 | D        | Killed a necrophage
    20 | D        | Reached skill level 1 in Fighting
    20 | D        | Reached skill level 1 in Armour
    20 | D        | Reached skill level 7 in Stealth
    20 | D        | Reached skill level 5 in Spellcasting
    20 | D        | Reached XP level 2. HP: 12/15 MP: 6/9
    20 | D        | Reached XP level 3. HP: 15/18 MP: 6/10
    20 | D        | Reached XP level 4. HP: 19/23 MP: 7/12
    29 | D        | Killed a necrophage
    29 | D        | Reached skill level 5 in Short Blades
    29 | D        | Reached skill level 8 in Stealth
    29 | D        | Reached skill level 5 in Hexes
    29 | D        | Reached XP level 5. HP: 16/27 MP: 7/14
    35 | D        | Killed a necrophage
    35 | D        | Reached skill level 9 in Stealth
    77 | D        | Killed a necrophage
    77 | D        | Reached XP level 6. HP: 30/31 MP: 14/17
    81 | D        | Learned a level 2 spell: Ensorcelled Hibernation
    85 | D        | Learned a level 3 spell: Confuse
    89 | D        | Learned a level 3 spell: Tukima's Dance
    93 | D        | Learned a level 3 spell: Dazzling Spray
   124 | D        | Reached skill level 10 in Stealth
   315 | D        | Killed a merfolk siren
   315 | D        | Reached skill level 10 in Dodging
   315 | D        | Reached skill level 11 in Stealth
   315 | D        | Reached XP level 7. HP: 36/36 MP: 18/20
   481 | D        | Killed a tyrant leech
   481 | D        | Reached skill level 12 in Stealth
   485 | D        | Killed a tyrant leech
   485 | D        | Reached XP level 8. HP: 41/41 MP: 3/22
   493 | D        | Noticed an ice statue
   495 | D        | Noticed Menkaure
   497 | D        | Killed Menkaure
   531 | D        | Noticed an orange crystal statue
   537 | D        | Found Dalyer's Magic Scroll Shop.
   538 | D        | Found Syuchelu's Gadget Shop.
   538 | D        | Found Cupt's Distillery.
   538 | D        | Found Wesiholu's Jewellery Boutique.
   539 | D        | Found Coet Doj's Food Boutique.
   539 | D        | Found Asismot's Distillery.
   540 | D        | Noticed a blink frog
   542 | D        | Killed a blink frog
   542 | D        | Reached skill level 13 in Stealth
   542 | D        | Reached skill level 10 in Spellcasting
   549 | D        | Found Rygywe's Jewellery Shop.
   549 | D        | Found Lekoq's Distillery.
   551 | D        | Found Veninke's Antique Armour Boutique.
   551 | D        | Found Quireakh's Magic Scroll Boutique.
   552 | D        | Found Mempoa's Antique Armour Boutique.
   554 | D        | Found Nommoi's Antique Weapon Shop.
   555 | D        | Noticed a shining eye
   556 | D        | Found Jiukab's Armour Boutique.
   556 | D        | Found Rixtuf's Food Shop.
   556 | D        | Noticed a shining eye
   556 | D        | Noticed a shining eye
   556 | D        | Noticed an oklob plant
   557 | D        | Found Hyrphe's Book Shoppe.
   557 | D        | Found Geudghiyf's Book Boutique.
   558 | D        | Noticed a hippogriff
   558 | D        | Noticed a hippogriff
   559 | D        | Noticed a hippogriff
   601 | D        | Bought a scroll of enchant weapon for 82 gold pieces
   601 | D        | Bought a scroll of identify for 22 gold pieces
   607 | D        | Bought a +4 ring of dexterity for 270 gold pieces
   607 | D        | Bought an uncursed amulet of regeneration for 300 gold pieces
   614 | D        | Bought a +3 ring of protection for 252 gold pieces
   649 | D        | Found a stormy altar of Qazlal.
   649 | D        | Found an ornate altar of the Wu Jian Council.
   650 | D        | Found a hazy altar of Hepliaklqana.
   650 | D        | Found a sacrificial altar of Ru.
   650 | D        | Found a shimmering altar of Xom.
   651 | D        | Found a roughly hewn altar of Beogh.
   651 | D        | Found a viscous altar of Jiyva.
   651 | D        | Found a deep blue altar of Sif Muna.
   652 | D        | Found a snail-covered altar of Cheibriados.
   652 | D        | Found an ancient bone altar of Kikubaaqudgha.
   652 | D        | Found a bloodstained altar of Trog.
   653 | D        | Found a shadowy altar of Dithmenos.
   653 | D        | Found a corrupted altar of Lugonu.
   654 | D        | Found a white marble altar of Elyvilon.
   654 | D        | Found a burning altar of Makhleb.
   654 | D        | Found a glowing golden altar of the Shining One.
   654 | D        | Found a basalt altar of Yredelemnul.
   654 | D        | Found a hide-covered altar of Uskayaw.
   655 | D        | Found a blossoming altar of Fedhas.
   657 | D        | Found an opulent altar of Gozag.
   657 | D        | Found a sparkling altar of Nemelex Xobeh.
   657 | D        | Noticed a hornet
   657 | D        | Noticed a polar bear
   658 | D        | Found a glowing silver altar of Zin.
   658 | D        | Found a radiant altar of Vehumet.
   658 | D        | Found an iron altar of Okawaru.
   658 | D        | Noticed a yaktaur
   666 | D        | Became a worshipper of Dithmenos the Shadowed
   673 | D        | Noticed a polar bear
   682 | D        | Killed a polar bear
   682 | D        | Reached skill level 1 in Invocations
   684 | D        | Killed a polar bear
   685 | D        | Noticed a polar bear
   688 | D        | Killed a hornet
   688 | D        | Reached * piety under Dithmenos
   688 | D        | Reached XP level 9. HP: 19/45 MP: 13/24
   692 | D        | Killed a polar bear
   692 | D        | Reached skill level 5 in Fighting
   697 | D        | Killed a yaktaur
   697 | D        | Reached skill level 10 in Short Blades
   697 | D        | Reached skill level 14 in Stealth
   792 | D        | Noticed a death drake
   804 | D        | Killed a death drake
   804 | D        | Reached ** piety under Dithmenos
   818 | D        | Reached skill level 5 in Armour
   885 | D        | Noticed a kraken
   960 | D        | Reached *** piety under Dithmenos
  1005 | D        | Noticed a deep troll
  1006 | D        | Noticed a deep troll
  1007 | D        | Killed a deep troll
  1007 | D        | Reached skill level 15 in Stealth
  1008 | D        | Killed a deep troll
  1008 | D        | Reached XP level 10. HP: 52/52 MP: 21/27
  1159 | D        | Gained mutation: Your flesh is cold resistant. (rC+) [potion of mutation]
  1159 | D        | Gained mutation: You have sharp toenails. [potion of mutation]
  1159 | D        | Gained mutation: You are resistant to hostile enchantments. (MR+) [potion of mutation]
  1345 | D        | Noticed a great orb of eyes
  1348 | D        | Killed a great orb of eyes
  1369 | D        | Reached **** piety under Dithmenos
  1430 | D        | Noticed a deep elf master archer
  1435 | D        | Reached skill level 16 in Stealth
  1490 | D        | Killed a kraken
  1490 | D        | Reached skill level 15 in Dodging
  1490 | D        | Reached skill level 10 in Hexes
  1490 | D        | Reached skill level 5 in Invocations
  1728 | D        | Noticed a purple draconian shifter
  1728 | D        | Noticed a hellephant
  1728 | D        | Noticed a glowing orange brain
  1728 | D        | Noticed Sonja
  1730 | D        | Killed Sonja
  1730 | D        | Reached XP level 11. HP: 57/57 MP: 22/29
  1743 | D        | Killed from afar by a hellephant

Vault maps used:
D:        the_violet_keep_of_menkaure

Skill      XL: |  1  2  3  4  5  6  7  8  9 10 |
---------------+-------------------------------+-----
Fighting       | 1 2 3 4 5 6 |  6.6
Short Blades   | 3 5 6 7 8 9 11 12 | 12.2
Armour         | 1 2 3 4 5 6 |  6.1
Dodging        | 6 7 8 10 11 12 14 15 | 15.5
Stealth        | 7 8 9 11 12 13 15 16 | 16.9
Spellcasting   | 5 6 7 8 9 10 12 13 | 13.4
Hexes          | 4 5 6 7 8 9 10 | 10.3
Invocations    | 1 4 5 |  5.6

Action                   |  1- 3 |  4- 6 |  7- 9 | 10-12 || total
-------------------------+-------+-------+-------+-------++-------
Melee: Dagger            |     4 |    78 |    36 |       ||   118
       Rapier            |       |       |       |    22 ||    22
       Kick              |       |       |       |     8 ||     8
 Cast: Ensorcelled Hiber |       |    12 |    17 |     6 ||    35
       Confuse           |       |     3 |     9 |     1 ||    13
       Dazzling Spray    |       |     1 |     3 |    11 ||    15
Invok: Shadow Step       |       |       |     1 |     2 ||     3
  Use: Potion            |     1 |     2 |       |     3 ||     6
       Scroll            |       |       |       |     7 ||     7
 Stab: Sleeping          |       |     4 |    11 |     8 ||    23
       Confused          |       |     1 |     6 |     4 ||    11
       Invisible         |       |       |     1 |       ||     1
Armor: Robe              |       |     2 |       |     6 ||     8
Dodge: Dodged            |     1 |    58 |    23 |    47 ||   129
